TOP OF THE 1ST |
Phoenix Hotspur batting - Pitching for Buckhead Bowties : RHP Kirby Brown
|
Pitching: RHP Kirby Brown
|
|
Batting: LHB Arthur Ryan
|
0-0: Ball 1-0: Swinging Strike 1-1: Foul Ball, location: 2F 1-2: Ball 2-2: Ball 3-2: Foul Ball, location: 2F 3-2: Foul Ball, location: 2F 3-2: Foul Ball, location: 2F 3-2: Foul Ball, location: 2F 3-2: Reached on error, E5 (Groundball, 5S)
|
Batting: SHB Pedro Gómez
|
0-0: Ball 1-0: Ball 2-0: Called Strike 2-1: Swinging Strike 2-2: Strikes out swinging
|
Batting: RHB Martín Martínez
|
0-0: Called Strike Arthur Ryan steals 2nd base 0-1: Ball 1-1: Ground out 5-3 (Groundball, 5)
|
Batting: RHB Raúl Robles
|
0-0: Called Strike 0-1: Ball 1-1: Ground out 6-3 (Groundball, 6)
|
Top of the 1st over - 0 run(s), 0 hit(s), 1 error(s), 1 left on base; Phoenix 0 - Buckhead 0 |
BOTTOM OF THE 1ST |
Buckhead Bowties batting - Pitching for Phoenix Hotspur : LHP Wes Hamm
|
Pitching: LHP Wes Hamm
|
|
Batting: RHB Enrique Marroquín
|
0-0: Called Strike 0-1: Foul Ball, location: 2F 0-2: Ball 1-2: Ball 2-2: Ball 3-2: Ground out 1-3 (Groundball, 13S)
|
Batting: LHB Gregg Young
|
0-0: Ball 1-0: Ball 2-0: Foul Ball, location: 2F 2-1: Ground out 4-3 (Groundball, 34D)
|
Batting: RHB Mike Brown
|
0-0: Ground out 6-3 (Groundball, 56)
|
Bottom of the 1st over - 0 run(s), 0 hit(s), 0 error(s), 0 left on base; Phoenix 0 - Buckhead 0 |
TOP OF THE 2ND |
Phoenix Hotspur batting - Pitching for Buckhead Bowties : RHP Kirby Brown
|
Batting: RHB António Padilla
|
0-0: Ground out 6-3 (Groundball, 6M)
|
Batting: RHB Gabriel Pérez
|
0-0: Ball 1-0: Ball 2-0: Ball 3-0: Called Strike 3-1: Base on Balls
|
Batting: LHB Dave Knight
|
0-0: Ball 1-0: DOUBLE (Flyball, 9LD) Gabriel Pérez to third
|
Batting: RHB Alfredo Martínez
|
0-0: SINGLE (Groundball, 34D) Gabriel Pérez scores Dave Knight to third Runner from 3rd tries for Home, SAFE, no throw or cutoff
|
Batting: LHB Rubén López
|
0-0: Called Strike 0-1: Foul Ball, location: 2F 0-2: Foul Ball, location: 2F 0-2: Foul Ball, location: 2F 0-2: Foul Ball, location: 2F 0-2: Ball 1-2: Strikes out swinging
|
Batting: LHB Arthur Ryan
|
0-0: Foul Ball, location: 2F 0-1: Ball 1-1: Ball 2-1: Ball 3-1: Base on Balls Alfredo Martínez to second
|
Batting: SHB Pedro Gómez
|
0-0: Foul Ball, location: 2F 0-1: Swinging Strike 0-2: Strikes out swinging
|
Top of the 2nd over - 2 run(s), 2 hit(s), 0 error(s), 2 left on base; Phoenix 2 - Buckhead 0 |
BOTTOM OF THE 2ND |
Buckhead Bowties batting - Pitching for Phoenix Hotspur : LHP Wes Hamm
|
Batting: LHB Neil Lawson
|
0-0: Ball 1-0: Foul Ball, location: 2F 1-1: Ball 2-1: Ground out 6-3 (Groundball, 6M)
|
Batting: RHB Phil Baker
|
0-0: Called Strike 0-1: Ball 1-1: Foul Ball, location: 2F 1-2: Strikes out looking
|
Batting: RHB Pedro Morales
|
0-0: Ball 1-0: Fly out, F6 (Line Drive, 6)
|
Bottom of the 2nd over - 0 run(s), 0 hit(s), 0 error(s), 0 left on base; Phoenix 2 - Buckhead 0 |
TOP OF THE 3RD |
Phoenix Hotspur batting - Pitching for Buckhead Bowties : RHP Kirby Brown
|
Batting: RHB Martín Martínez
|
0-0: Ball 1-0: Called Strike 1-1: Foul Ball, location: 2F 1-2: SINGLE (Line Drive, 6)
|
Batting: RHB Raúl Robles
|
0-0: Swinging Strike 0-1: Ball 1-1: Foul Ball, location: 2F 1-2: Ball 2-2: Foul Ball, location: 2F 2-2: Foul Ball, location: 2F 2-2: Foul Ball, location: 2F 2-2: Ball 3-2: 2-RUN HOME RUN (Line Drive, 7D), Distance : 409 ft
|
Batting: RHB António Padilla
|
0-0: Called Strike 0-1: Ball 1-1: Ball 2-1: Ball 3-1: Called Strike 3-2: Ground out 5-3 (Groundball, 5)
|
Batting: RHB Gabriel Pérez
|
0-0: Ball 1-0: Ball 2-0: Ground out 6-3 (Groundball, 56)
|
Batting: LHB Dave Knight
|
0-0: Ground out 4-3 (Groundball, 4)
|
Top of the 3rd over - 2 run(s), 2 hit(s), 0 error(s), 0 left on base; Phoenix 4 - Buckhead 0 |
BOTTOM OF THE 3RD |
Buckhead Bowties batting - Pitching for Phoenix Hotspur : LHP Wes Hamm
|
Batting: RHB Gabriel Rodríguez
|
0-0: Ball 1-0: SINGLE (Line Drive, 9S)
|
Batting: RHB Albert Morales
|
0-0: Swinging Strike 0-1: Foul Ball, location: 2F 0-2: Ball 1-2: Ball 2-2: Fly out, F7 (Flyball, 78XD)
|
Batting: RHB Won-min Yi
|
0-0: Ball 1-0: Fly out, F7 (Line Drive, 7S)
|
Batting: RHB Enrique Marroquín
|
0-0: Foul Ball, location: 2F 0-1: Foul Ball, location: 2F 0-2: Ball 1-2: Ball 2-2: Strikes out looking
|
Bottom of the 3rd over - 0 run(s), 1 hit(s), 0 error(s), 1 left on base; Phoenix 4 - Buckhead 0 |
TOP OF THE 4TH |
Phoenix Hotspur batting - Pitching for Buckhead Bowties : RHP Kirby Brown
|
Pitching: RHP Jorge Cantú
|
|
Batting: RHB Alfredo Martínez
|
0-0: Ball 1-0: Ball 2-0: Called Strike 2-1: Ball 3-1: Foul Ball, location: 2F 3-2: Base on Balls
|
Batting: LHB Rubén López
|
0-0: Ball 1-0: Called Strike 1-1: Swinging Strike 1-2: Grounds into double play, U4-3 (Groundball, 4)
|
Batting: LHB Arthur Ryan
|
0-0: Foul Ball, location: 2F 0-1: Ball 1-1: Ball 2-1: Ground out 6-3 (Groundball, 6M)
|
Top of the 4th over - 0 run(s), 0 hit(s), 0 error(s), 0 left on base; Phoenix 4 - Buckhead 0 |
BOTTOM OF THE 4TH |
Buckhead Bowties batting - Pitching for Phoenix Hotspur : LHP Wes Hamm
|
Batting: LHB Gregg Young
|
0-0: Ball 1-0: Called Strike 1-1: Ball 2-1: Called Strike 2-2: Strikes out swinging
|
Batting: RHB Mike Brown
|
0-0: Called Strike 0-1: Ball 1-1: Ground out 6-3 (Groundball, 6)
|
Batting: LHB Neil Lawson
|
0-0: Swinging Strike 0-1: Ground out 4-3 (Groundball, 34)
|
Bottom of the 4th over - 0 run(s), 0 hit(s), 0 error(s), 0 left on base; Phoenix 4 - Buckhead 0 |
TOP OF THE 5TH |
Phoenix Hotspur batting - Pitching for Buckhead Bowties : RHP Jorge Cantú
|
Batting: SHB Pedro Gómez
|
0-0: Swinging Strike 0-1: Ball 1-1: Hit by Pitch
|
Batting: RHB Martín Martínez
|
0-0: Called Strike 0-1: Ball 1-1: Called Strike 1-2: Foul Ball, location: 2F 1-2: Ball 2-2: Reached on error, E1 (Groundball, 15S) Pedro Gómez to second
|
Batting: RHB Raúl Robles
|
0-0: Ball 1-0: Ball 2-0: Ball 3-0: Called Strike 3-1: Base on Balls Pedro Gómez to third Martín Martínez to second
|
Batting: RHB António Padilla
|
0-0: Ball 1-0: Ball 2-0: Ball 3-0: Called Strike 3-1: Grounds into fielders choice 1-2 (Groundball, 13) Martín Martínez to third Raúl Robles to second
|
Batting: RHB Gabriel Pérez
|
0-0: Foul Ball, location: 2F 0-1: Ball 1-1: Foul Ball, location: 2F 1-2: Ball 2-2: Ball Wild Pitch! Martín Martínez scores Raúl Robles to third António Padilla to second 3-2: Base on Balls
|
Batting: LHB Dave Knight
|
0-0: Grounds into double play, 5-4-3 (Groundball, 5)
|
Top of the 5th over - 1 run(s), 0 hit(s), 1 error(s), 2 left on base; Phoenix 5 - Buckhead 0 |
BOTTOM OF THE 5TH |
Buckhead Bowties batting - Pitching for Phoenix Hotspur : LHP Wes Hamm
|
Batting: RHB Phil Baker
|
0-0: Ball 1-0: Called Strike 1-1: Ball 2-1: Fly out, F7 (Flyball, 7M)
|
Batting: RHB Pedro Morales
|
0-0: Called Strike 0-1: Ground out 6-3 (Groundball, 6)
|
Batting: RHB Gabriel Rodríguez
|
0-0: Ball 1-0: Ball 2-0: Called Strike 2-1: Foul Ball, location: 2F 2-2: Ball 3-2: Strikes out looking
|
Bottom of the 5th over - 0 run(s), 0 hit(s), 0 error(s), 0 left on base; Phoenix 5 - Buckhead 0 |
TOP OF THE 6TH |
Phoenix Hotspur batting - Pitching for Buckhead Bowties : RHP Jorge Cantú
|
Batting: RHB Alfredo Martínez
|
0-0: Called Strike 0-1: Foul Ball, location: 2F 0-2: Strikes out looking
|
Batting: LHB Rubén López
|
0-0: Ball 1-0: Foul Ball, location: 2F 1-1: Foul Ball, location: 2F 1-2: Ball 2-2: SINGLE (Line Drive, 78S)
|
Batting: LHB Arthur Ryan
|
0-0: Ball 1-0: Ball 2-0: Foul Ball, location: 2F 2-1: SINGLE (Groundball, 6MD) Rubén López to second Runner from 2nd tries for 3rd, SAFE, throw made to third
|
Pitching: RHP Orlando Miranda
|
|
Batting: SHB Pedro Gómez
|
0-0: Ball 1-0: Foul Ball, location: 2F 1-1: Swinging Strike 1-2: Grounds out, U3 (Groundball, 3L) Rubén López scores
|
Batting: RHB Martín Martínez
|
0-0: Swinging Strike 0-1: Fly out, F4 (Line Drive, 4)
|
Top of the 6th over - 1 run(s), 2 hit(s), 0 error(s), 1 left on base; Phoenix 6 - Buckhead 0 |
BOTTOM OF THE 6TH |
Buckhead Bowties batting - Pitching for Phoenix Hotspur : LHP Wes Hamm
|
Batting: RHB Albert Morales
|
0-0: Ball 1-0: SINGLE (Groundball, 5L)
|
Batting: RHB Won-min Yi
|
0-0: Called Strike 0-1: Ball 1-1: Ball 2-1: SINGLE (Flyball, 6MD) Albert Morales to second
|
Batting: RHB Enrique Marroquín
|
0-0: Grounds into double play, 6-4-3 (Groundball, 6) Albert Morales to third
|
Batting: LHB Gregg Young
|
0-0: Ball 1-0: Foul Ball, location: 2F 1-1: Ball 2-1: Ball 3-1: Called Strike 3-2: Strikes out looking
|
Bottom of the 6th over - 0 run(s), 2 hit(s), 0 error(s), 1 left on base; Phoenix 6 - Buckhead 0 |
TOP OF THE 7TH |
Phoenix Hotspur batting - Pitching for Buckhead Bowties : RHP Orlando Miranda
|
Batting: RHB Raúl Robles
|
0-0: Called Strike 0-1: Ball 1-1: Foul Ball, location: 2F 1-2: Ball 2-2: Ground out 5-3 (Groundball, 56S)
|
Batting: RHB António Padilla
|
0-0: Ball 1-0: Foul Ball, location: 2F 1-1: Ball 2-1: Swinging Strike 2-2: Strikes out swinging
|
Batting: RHB Gabriel Pérez
|
0-0: Ground out 5-3 (Groundball, 5)
|
Top of the 7th over - 0 run(s), 0 hit(s), 0 error(s), 0 left on base; Phoenix 6 - Buckhead 0 |
BOTTOM OF THE 7TH |
Buckhead Bowties batting - Pitching for Phoenix Hotspur : LHP Wes Hamm
|
Batting: RHB Mike Brown
|
0-0: Ball 1-0: Ball 2-0: Ball 3-0: Base on Balls
|
Batting: LHB Neil Lawson
|
0-0: Swinging Strike 0-1: Swinging Strike 0-2: Ball Mike Brown steals 2nd base 1-2: SINGLE (Line Drive, 3D) Mike Brown to third
|
Batting: RHB Phil Baker
|
0-0: Fly out, F6 (Line Drive, 6)
|
Batting: RHB Pedro Morales
|
0-0: Called Strike 0-1: Swinging Strike 0-2: Foul Ball, location: 2F 0-2: Ball 1-2: Grounds into double play, 5-4-3 (Groundball, 56)
|
Bottom of the 7th over - 0 run(s), 1 hit(s), 0 error(s), 1 left on base; Phoenix 6 - Buckhead 0 |
TOP OF THE 8TH |
Phoenix Hotspur batting - Pitching for Buckhead Bowties : RHP Orlando Miranda
|
Batting: LHB Dave Knight
|
0-0: SOLO HOME RUN (Flyball, 9LD), Distance : 356 ft
|
Batting: RHB Alfredo Martínez
|
0-0: Called Strike 0-1: Foul Ball, location: 2F 0-2: Fly out, F7 (Flyball, 78S)
|
Batting: LHB Rubén López
|
0-0: Ball 1-0: Ball 2-0: Ball 3-0: Ground out 3-1 (Groundball, 34S)
|
Batting: LHB Arthur Ryan
|
0-0: Called Strike 0-1: SINGLE (Flyball, 8LS)
|
Batting: SHB Pedro Gómez
|
0-0: Ball 1-0: Ball 2-0: Foul Ball, location: 2F 2-1: Ball 3-1: Ground out 1-3 (Groundball, 13S)
|
Top of the 8th over - 1 run(s), 2 hit(s), 0 error(s), 1 left on base; Phoenix 7 - Buckhead 0 |
BOTTOM OF THE 8TH |
Buckhead Bowties batting - Pitching for Phoenix Hotspur : LHP Wes Hamm
|
Batting: RHB Gabriel Rodríguez
|
0-0: Ground out 6-3 (Groundball, 6)
|
Batting: RHB Albert Morales
|
0-0: SINGLE (Line Drive, 56D)
|
Batting: RHB Won-min Yi
|
0-0: Ball 1-0: Foul Ball, location: 2F 1-1: Ball 2-1: SINGLE (Groundball, 56) Albert Morales to second
|
Batting: RHB Enrique Marroquín
|
0-0: Ball 1-0: Called Strike 1-1: Ball 2-1: Foul Ball, location: 2F 2-2: Foul Ball, location: 2F 2-2: Fly out, F3 (Popup, 3DF)
|
Batting: LHB Gregg Young
|
0-0: Called Strike 0-1: Fly out, F2 (Popup, 25F)
|
Bottom of the 8th over - 0 run(s), 2 hit(s), 0 error(s), 2 left on base; Phoenix 7 - Buckhead 0 |
TOP OF THE 9TH |
Phoenix Hotspur batting - Pitching for Buckhead Bowties : RHP Orlando Miranda
|
Pitching: RHP Woody Cook
|
|
Batting: RHB Martín Martínez
|
0-0: Foul Ball, location: 2F 0-1: Ball 1-1: Swinging Strike 1-2: Foul Ball, location: 2F 1-2: Fly out, F7 (Flyball, 7D)
|
Batting: RHB Raúl Robles
|
0-0: Called Strike 0-1: Ball 1-1: Ball 2-1: Fly out, F3 (Line Drive, 3)
|
Batting: RHB António Padilla
|
0-0: Ball 1-0: SINGLE (Line Drive, 56D)
|
Batting: RHB Gabriel Pérez
|
0-0: Hit by Pitch António Padilla to second
|
Batting: LHB Dave Knight
|
0-0: Called Strike 0-1: Ball 1-1: Foul Ball, location: 2F 1-2: Foul Ball, location: 2F 1-2: Fly out, F9 (Flyball, 9M)
|
Top of the 9th over - 0 run(s), 1 hit(s), 0 error(s), 2 left on base; Phoenix 7 - Buckhead 0 |
BOTTOM OF THE 9TH |
Buckhead Bowties batting - Pitching for Phoenix Hotspur : LHP Wes Hamm
|
Batting: RHB Mike Brown
|
0-0: Ball 1-0: Ball 2-0: SOLO HOME RUN (Flyball, 8LXD), Distance : 432 ft
|
Batting: LHB Neil Lawson
|
0-0: Called Strike 0-1: Called Strike 0-2: Ground out U3 (Groundball, 3S)
|
Batting: RHB Phil Baker
|
0-0: Ground out U3 (Groundball, 3)
|
Batting: RHB Pedro Morales
|
0-0: Ball 1-0: Fly out, F9 (Flyball, 9D)
|
Bottom of the 9th over - 1 run(s), 1 hit(s), 0 error(s), 0 left on base; Phoenix 7 - Buckhead 1 |
|